[Event "*** Qualifier 1: Titled Tuesday 3|2 Blitz"]
[Site "Chess.com"]
[Date "2017.04.04"]
[Round "1"]
[White "Gulkov_Igor"]
[Black "TenisMaster"]
[Result "0-1"]
[WhiteElo "2323"]
[BlackElo "2644"]
[TimeControl "180+2"]
[EndTime "13:12:18 PDT"]
[Termination "TenisMaster won by resignation"]

1. Nf3 d5 2. d4 Nf6 3. c4 e6 4.
Nc3 c6 5. Bg5 Nbd7 6. cxd5 exd5 7. e3 Be7 8. Qc2 Nh5 9. Bxe7 Qxe7 10. O-O-O Nb6 11. h3 g6 12. Bd3 Be6 13. Kb1 O-O-O 14. Rc1 Kb8 15. Na4 Nf6 16. Nc5 Rc8 17. Ne5 Nfd7 18.
Nexd7+ Nxd7 19. Nxd7+ Bxd7 20. h4 Rhf8 21. g3 Bg4 22.
Rhe1 Bf3 23. Qc5 Rfe8 24. Qxe7 Rxe7 25. b4 Re6 26. Kc2 Rf6 27. Kd2 Bg4 28. f4 h5 29. b5 cxb5 30. Bxb5 Rb6 31. Rxc8+ Bxc8 32. Rb1 Bf5 33. Rb3 a6 34. Be2 Rc6 35. Rb2 Kc7 36. a3 b5 37. Bf3 Kd6 38. Be2 Be4 39. Bd1 Rb6 40. Be2 Kc6 41. Kc3 a5 42. Bf1 Bf5 43. Be2 Bd7 44. Bf1 Kd6 45. Bd3 Rb8 46. Be2 Kc7 47.
Bd3 Kb6 48. Kd2 Rc8 49. Be2 Rc7 50. Bd3 Rb7 51. Be2 Kc6 52. Bd3 Kd6 53. Kc3 Rc7+ 54. Kd2 Rb7 55. Kc3 Kc6 56. Be2 Bf5 57. Bf1 Bg4 58.
Bd3 Bd1 59. Kd2 Ba4 60. Kc3 Kb6 61. Be2 Rc7+ 62. Kd2 Kc6 63. Bd3 Rb7 64. Kc3 Bd1 65. Kd2 Bg4 66. Kc3 Bf5 67. Be2 Bd7 68. Bd3 Kd6 69. Be2 Kc6 70. Bd3 Kb6 71. Be2 Rc7+ 72.
Kd2 a4 73. Rc2 Rxc2+ 74. Kxc2 b4 75. axb4 Bb5 76. Bf3 Bc4 77. Kc3 a3 78. e4 a2 79.
Kb2 dxe4 80. Bxe4 Kb5 81. f5 gxf5 82. Bxf5 Kxb4 83. g4 Be2 84. gxh5 Bxh5 85. Kxa2 Kc4 86. Kb2 Kxd4 87. Kc1 Ke3 88. Kc2 Bg6 89. Bxg6 fxg6 90. Kd1 Kf2 91. Kd2 Kg3 0-1

[Event "*** Qualifier 1: Titled Tuesday 3|2 Blitz"]
[Site "Chess.com"]
[Date "2017.04.04"]
[Round "1"]
[White "Jadro9"]
[Black "AnkitGajwa"]
[Result "1/2-1/2"]
[WhiteElo "2349"]
[BlackElo "1426"]
[TimeControl "180+2"]
[EndTime "13:12:32 PDT"]
[Termination "Game drawn by agreement"]

1. e4 e5 2. Nf3 Nc6 3. Bb5 a6 4.
Ba4 Nf6 5. O-O Be7 6. Re1 b5 7. Bb3 d6 8. a4 Bd7 9. c3 O-O 10. d4 Bg4 11. d5 Na5 12. Bc2 c6 13. dxc6 Qc7 14. h3 Be6 15. Ng5 Qxc6 16. Nxe6 fxe6 17. Nd2 Nc4 18. Nf3 h6 19. b3 Nb6 20. a5 Nbd7 21.
Bb2 Bd8 22. b4 Bc7 23. Bb3 Rae8 24. Qe2 d5 25. Nd2 Kh8 26. Rad1 Rf7 27. Kh1 Ref8 28. f3 Nh5 29. Nf1 dxe4 30. Qxe4 Qxe4 31. Rxe4 Ndf6 32. Ree1 Re7 33. c4 e4 34. fxe4 Nh7 35. e5 Ng5 36. c5 Rf2 37. Bd4 Rxf1+ 38. Rxf1 Ng3+ 39. Kg1 Nxf1 40. Rxf1 Rd7 41. Be3 Bxe5 42. Bxg5 hxg5 43. Bxe6 Rd8 44. Rf5 Bd4+ 45. Kf1 Bc3 46. c6 Rd1+ 47. Kf2 Bd4+ 48. Kf3 Rc1 49. Bd7 g6 50. Rf7 Kg8 51.
Re7 Bf6 52. Re6 Kf7 53. Re2 Rc3+ 54. Ke4 Rc4+ 55. Kd5 Rxb4 56. Rc2 Rd4+ 57. Kc5 Be5 58. c7 Rxd7 59. c8=Q Rc7+ 60. Qxc7+ Bxc7 61. Kc6 Bxa5 62. Kb7 Be1 63. Kxa6 b4 64. Kb5 Kf6 65. Kc4 Kf5 66. Re2 Bc3 67. g3 g4 68. Rf2+ Kg5 69. h4+ Kh5 70.
Re2 g5 71. hxg5 Kxg5 72. Re8 Kf5 73. Rf8+ Ke4 74. Rf4+ Ke3 75. Rxg4 Be5 76. Rg8 Kf3 77. g4 Bc3 78. g5 Kf4 79. g6 Kf5 80. Kb3 Kg5 81.
Kc4 Kf6 82. Kb3 Kg5 83. g7 1/2-1/2

[Event "*** Qualifier 1: Titled Tuesday 3|2 Blitz"]
[Site "Chess.com"]
[Date "2017.04.04"]
[Round "1"]
[White "Spartakus1975"]
[Black "stepanosinovsky"]
[Result "1-0"]
[WhiteElo "2512"]
[BlackElo "2205"]
[TimeControl "180+2"]
[EndTime "13:12:42 PDT"]
[Termination "Spartakus1975 won on time"]

1. e4 e5 2. Nf3 Nc6 3. Bb5 a6 4. Bxc6 dxc6 5. O-O Bg4 6. h3 h5 7. d3 Qf6 8. Be3 Bxf3 9. Qxf3 Qxf3 10. gxf3 Bd6 11.
Nd2 Ne7 12. Nc4 Ng6 13. Rfd1 c5 14. Kf1 f6 15. Ke2 Kf7 16. a3 a5 17. a4 b6 18.
c3 Rad8 19. Rd2 Rd7 20. Rad1 Rhd8 21. d4 cxd4 22. cxd4 exd4 23. Rxd4 Ke7 24. Rg1 Kf7 25. Rgd1 Ke7 26. Kf1 Ne5 27. Nxe5 Bxe5 28. Rxd7+ Rxd7 29.
Rxd7+ Kxd7 30. b3 Bd6 31. f4 g6 32. Ke2 f5 33. f3 Be7 34. Kd3 Bd8 35. Bd4 c6 36. Be5 Ke6 37. Kc4 Kd7 38. Bb8 Ke6 39. Kd4 Bf6+ 40. Kc4 Bd8 41. Be5 Kd7 42. b4 axb4 43.
Kxb4 Ke6 44. Kc4 Kd7 45. Bd4 Ke6 46. Be5 Kd7 47. Bb8 Ke6 48. e5 Kd7 49. Bd6 Bh4 50. Bb4 Bg3 51. Bd2 Bf2 52. Bc1 Ke6 53. Kd3 Bh4 54. Be3 Bd8 55. Kc4 Kd7 56. Bd2 Ke6 57. Bb4 Kd7 58. Bf8 Ke6 59. Bh6 Bh4 60. Kd4 Bf2+ 61. Kc4 Bh4 62. Kd4 Bf2+ 63. Kc4 Be3 64. Bg5 Bc1 65. Kb4 Kd5 66. Bh6 Be3 67. Bg5 Bc5+ 68.
Kb3 Be3 69. Kb4 Bd2+ 70. Kb3 Be1 71. Bd8 Bf2 72. Kc3 Be3 73. Bg5 Bd4+ 74. Kb4 Bc5+ 75. Kb3 b5 76. a5 Be3 77. Bd8 c5 78. a6 Kc6 79. e6 c4+ 80. Kc3 1-0

[Event "*** Qualifier 1: Titled Tuesday 3|2 Blitz"]
[Site "Chess.com"]
[Date "2017.04.04"]
[Round "1"]
[White "plouarzel"]
[Black "justantan"]
[Result "1-0"]
[WhiteElo "2379"]
[BlackElo "1925"]
[TimeControl "180+2"]
[EndTime "13:13:24 PDT"]
[Termination "plouarzel won by resignation"]

1. d4 Nf6 2. Nc3 d5 3. e4 dxe4 4. f3 exf3 5. Nxf3 c6 6. Bc4 Bf5 7. O-O e6 8. Ng5 Bg6 9. Ne2 Bd6 10. Nf4 Bxf4 11. Bxf4 Nbd7 12. Bxe6 fxe6 13. Nxe6 Qb6 14. Qe2 Ne4 15. Rae1 Ndf6 16. Nc7+ Kd7 17. Nxa8 Rxa8 18.
Be5 Re8 19. Kh1 Qa6 20. Qf3 Qc4 21. c3 Nd2 22. Qh3+ Qe6 23. Qxe6+ Rxe6 24. Rf2 Nc4 25. Rfe2 Bd3 26. Rf2 Bg6 27. b3 Ng4 28. Rfe2 Ncxe5 29. dxe5 Bd3 30. Rd1 Rd6 31. Red2 Nxe5 32. Kg1 c5 33. c4 Kc7 34. Kf2 Rd4 35. Ke3 Ng4+ 36. Kf3 Ne5+ 37. Ke3 Re4+ 38. Kf2 Ng4+ 39. Kg3 Be2 40.
Rd7+ Kb6 41. R1d6+ Ka5 42. Rxb7 g5 43. Rf7 Re3+ 44. Rf3 Bxf3 45. gxf3 Ne5 46. Rf6 g4 47. Rh6 Rxf3+ 48. Kg2 Rf7 49. Re6 Nd3 50. Rc6 Kb4 51.
Kg3 Ka3 52. Ra6+ Kb4 53. Kxg4 Rf2 54. h4 Ne5+ 55. Kg3 Rf3+ 56. Kg2 Rf7 57. Kh3 h5 58.
Kg3 Rf3+ 59. Kg2 Rf4 60. Kg3 Rg4+ 61. Kh3 Nd3 62. Rxa7 Nf4+ 63. Kh2 Rxh4+ 64. Kg3 Rg4+ 65. Kf3 Nd3 66. Rh7 Ne5+ 67. Ke3 h4 68. Re7 Nc6 69. Rh7 Nd4 70. Rb7+ Kc3 71. Rc7 h3 72. Rh7 Rg3+ 73. Kf4 Ne2+ 74. Ke5 Ng1 75. Kd5 Rg2 76. Kxc5 Rxa2 77.
b4 h2 78. b5 Nf3 79. b6 Rb2 80. Rh3 Kd2 81. Kc6 Ne5+ 82. Kd5 Ng4 83. c5 Rb3 84. Rh4 Rd3+ 85. Kc6 Ne5+ 86. Kb7 Nf3 87. Rh3 Rd7+ 88. Kc8 Rf7 89. b7 Rf8+ 90. Kc7 Rf7+ 91. Kb6 Rf6+ 92.
c6 Rf8 93. c7 Ne5 94. Rxh2+ Kd3 95. c8=Q Nc4+ 96. Kc5 1-0

[Event "*** Qualifier 1: Titled Tuesday 3|2 Blitz"]
[Site "Chess.com"]
[Date "2017.04.04"]
[Round "1"]
[White "GMHess"]
[Black "Maung-Mg-KZH"]
[Result "1-0"]
[WhiteElo "2602"]
[BlackElo "2280"]
[TimeControl "180+2"]
[EndTime "13:14:09 PDT"]
[Termination "GMHess won by checkmate"]

1. c4 c6 2. d4 d5 3. e3 Nf6 4. Nc3 e6 5. Qc2 Nbd7 6. Nf3 Be7 7. b3 O-O 8. Bb2 b6 9. Bd3 Bb7 10. Rd1 Rc8 11. Ne5 Bd6 12. f4 Qe7 13. O-O g6 14. e4 Bb4 15. Nxd7 Qxd7 16. e5 Ng4 17. Qe2 Nh6 18. Nb1 Nf5 19. Qf2 h5 20. Bxf5 exf5 21. c5 bxc5 22. dxc5 Ba6 23. Qd4 Bxf1 24. Rxf1 Rb8 25.
Rf3 Rb5 26. Rc3 Bxc3 27. Nxc3 Rb7 28. Ne2 a5 29. Ng3 Ra8 30. e6 fxe6 31. Qh8+ Kf7 32.
Qg7+ Ke8 33. Qg8+ Ke7 34. Qxa8 d4 35. Qh8 a4 36. Bxd4 Qe8 37. Bf6+ Kd7 38. Qh6 axb3 39. axb3 Qf7 40. Qh8 Qe8 41. Qh6 Qf7 42. Be5 Rxb3 43. Qh8 Qe8 44. Qg7+ Qe7 45. Qxe7+ Kxe7 46. Kf2 Rb5 47.
Bd6+ Kd7 48. Ne2 Rb2 49. Be5 Rd2 50. Bh8 Rd1 51. Ke3 Rb1 52. Nc3 Rb2 53. Ne2 Rc2 54. Bc3 h4 55. Kd3 Ra2 56. Be1 Ra4 57. Bxh4 e5 58.
Bg5 e4+ 59. Ke3 Rc4 60. g4 Rxc5 61. gxf5 gxf5 62. h4 Rd5 63. h5 Rd3+ 64. Kf2 Ke6 65. h6 Kf7 66. Ng3 Kg6 67. Kg2 Ra3 68. h7 Ra8 69. Ne2 c5 70. Nc3 Kxh7 71. Nd5 c4 72. Kf2 Ra3 73. Ke2 Rd3 74. Ne3 c3 75. Bf6 Kg6 76.
Be5 Kf7 77. Bc7 c2 78. Nxc2 Rf3 79. Nd4 Rc3 80. Be5 Kg6 81. Ne6 Rc6 82. Nf8+ Kf7 83. Nh7 Ra6 84. Ng5+ Kg6 85. Nh3 Ra2+ 86. Ke1 Ra3 87.
Nf2 Rf3 88. Nd1 Rh3 89. Nc3 Rh1+ 90. Kf2 Rh2+ 91. Kg3 Rc2 92. Nd5 Ra2 93. Ne7+ Kf7 94. Nxf5 Ke6 95. Ne3 Ra3 96. Kf2 Ra2+ 97. Ke1 Ra3 98.
Kd2 Ra2+ 99. Nc2 e3+ 100. Kd3 e2 101. Nd4+ Ke7 102. Nxe2 Ra3+ 103. Ke4 Ra4+ 104. Nd4 Ra1 105. Kd5 Rf1 106. Ke4 Kf7 107. Kf5 Rxf4+ 108. Kxf4 Ke7 109. Ke4 Kd7 110. Kd5 Kc8 111. Kc6 Kd8 112. Nf5 Kc8 113. Ne7+ Kd8 114. Kd6 Ke8 115. Ke6 Kd8 116. Bf4 Ke8 117. Bc7 Kf8 118. Nf5 Ke8 119. Ng7+ Kf8 120. Kf6 Kg8 121. Kg6 Kf8 122. Bd6+ Kg8 123. Nf5 Kh8 124. Be7 Kg8 125. Nh6+ Kh8 126. Bf6# 1-0

[Event "*** Qualifier 1: Titled Tuesday 3|2 Blitz"]
[Site "Chess.com"]
[Date "2017.04.04"]
[Round "1"]
[White "johnathan113"]
[Black "rupeshjswl7"]
[Result "0-1"]
[WhiteElo "2385"]
[BlackElo "2080"]
[TimeControl "180+2"]
[EndTime "13:15:12 PDT"]
[Termination "rupeshjswl7 won by resignation"]

1. e4 e6 2. b3 d5 3. Bb2 Nf6 4. e5 Nfd7 5. f4 c5 6. Qg4 Nc6 7. Nf3 Nb4 8. Na3 a6 9. c3 Nc6 10. c4 d4 11. Nc2 a5 12. Bd3 Nb4 13. Nxb4 axb4 14. O-O Qc7 15. a3 bxa3 16. Bxa3 g6 17. Bb2 Rxa1 18. Bxa1 Qb6 19. Rb1 Be7 20. h4 h5 21. Qg3 Qc7 22. Kh1 b6 23. b4 Bb7 24. Ng5 Bxg5 25. Qxg5 Rf8 26. b5 Qd8 27.
Bb2 Qxg5 28. hxg5 Ke7 29. Ra1 Ra8 30. Rxa8 Bxa8 31. Kh2 Nf8 32. Kh3 Nh7 33. Be2 Nf8 34. d3 Nd7 35. Bc1 Kf8 36. Bd2 Ke7 37. Be1 Bb7 38. Bh4 Nf8 39. g4 hxg4+ 40. Bxg4 Nd7 41. Kg3 Nf8 42. Bh3 Nd7 43. Bg4 Nf8 44. f5 exf5 45. Bxf5 Ne6 46. Bg4 Bh1 47. Be2 Kd7 48. Kg4 Ke7 49.
Bf2 Bb7 50. Bg3 Bc8 51. Kh4 Ng7 52. Bf4 Nf5+ 53. Kg4 Ke6 54. Kf3 Bb7+ 55. Kg4 Ng7 56.
Kg3 Nf5+ 57. Kg4 Bc8 58. Kf3 Ng7 59. Kg3 Ke7 60. Bf3 Bf5 61. Be2 Ne6 62. Bd2 Nc7 63. Bf4 Ke6 64. Kf2 Ne8 65. Bf1 Bg4 66. Bg2 Kf5 67.
Kg3 Be2 68. Be4+ Ke6 69. Kf2 Bg4 70. Bb7 Bf5 71. Bd5+ Ke7 72. Ke2 Nc7 73. Bf3 Ne6 74. Bd2 Ng7 75. Bd5 Nh5 76. Bf3 Ng7 77. Bf4 Be6 78.
Be4 Nh5 79. Bh2 Ng7 80. Kf3 Bf5 81. Bf4 Bxe4+ 82. Kxe4 Ke6 83. Bd2 Nf5 84. Bf4 Nh4 85. Bg3 Nf5 86. Bf2 Ng7 87. Bg3 Ne8 88. Bf2 Nc7 89. Bg3 Ne8 90. Bf2 Ng7 91. Bg3 Nh5 92. Bf2 Ng7 93. Bg3 Ne8 94. Bf2 Ng7 95. Bg3 Kd7 96. Bf2 Ne6 97. Bh4 Ke7 98. Bg3 Nxg5+ 99. Kd5 Kd7 100. Bh4 Ne6 101. Bg3 g5 102. Ke4 Ng7 103. Bh2 Ke6 104. Bg1 Nf5 105. Bf2 Ne3 106. Be1 Ng4 107. Bg3 Nh6 108. Bf2 Nf5 109. Be1 Nh4 110. Bg3 Nf5 111. Be1 g4 112. Kf4 g3 113. Bxg3 Nxg3 114. Kxg3 Kxe5 115. Kg4 Kf6 116. Kf4 Kg6 117. Ke5 f5 118. Kd6 f4 119.
Kc6 f3 120. Kxb6 f2 121. Kxc5 f1=Q 122. b6 Qf8+ 123. Kxd4 Qd6+ 124. Ke3 0-1

[Event "*** Qualifier 1: Titled Tuesday 3|2 Blitz"]
[Site "Chess.com"]
[Date "2017.04.04"]
[Round "2"]
[White "justantan"]
[Black "kharov2001"]
[Result "1-0"]
[WhiteElo "1969"]
[BlackElo "1829"]
[TimeControl "180+2"]
[EndTime "13:19:13 PDT"]
[Termination "justantan won by resignation"]

1. Nf3 Nf6 2. g3 g6 3. Bg2 Bg7 4.
Bf1 O-O 5. d4 d6 6. Bg2 Nc6 7.
d5 Nb4 8. c4 Bf5 9. Nd4 Qd7 10.
Nxf5 Qxf5 11. O-O Qc2 12. Nc3 c6 13. a3 Qxd1 14. Rxd1 Na6 15. dxc6 bxc6 16. Bxc6 Rac8 17. Bb7 Rxc4 18. Bxa6 Rc6 19. Bb5 Rb6 20. Be3 1-0

[Event "*** Qualifier 1: Titled Tuesday 3|2 Blitz"]
[Site "Chess.com"]
[Date "2017.04.04"]
[Round "2"]
[White "Grootneus"]
[Black "Saitama_Hero"]
[Result "1-0"]
[WhiteElo "2107"]
[BlackElo "2181"]
[TimeControl "180+2"]
[EndTime "13:19:36 PDT"]
[Termination "Grootneus won by resignation"]

1. e4 c5 2. b4 g6 3. Bb2 Nf6 4.
bxc5 Bg7 5. Bc4 Nc6 6. Nf3 O-O 7.
Qe2 d5 8. cxd6 exd6 9. O-O Re8 10. d3 d5 11. Bb3 dxe4 12. Ng5 Nd4 13. Bxf7+ Kf8 14. Bxd4 Qxd4 15. Bxe8 Qxa1 16. Ba4 Bg4 17. Qe3 Qxa2 18. Qc5+ Kg8 19. Bb3+ Qxb3 20. cxb3 exd3 21.
Qc4+ 1-0

[Event "*** Qualifier 1: Titled Tuesday 3|2 Blitz"]
[Site "Chess.com"]
[Date "2017.04.04"]
[Round "2"]
[White "fpawn"]
[Black "jncool68"]
[Result "0-1"]
[WhiteElo "2269"]
[BlackElo "2520"]
[TimeControl "180+2"]
[EndTime "13:19:48 PDT"]
[Termination "jncool68 won on time"]

1. e4 c5 2. Nc3 e6 3. g3 Nc6 4.
Bg2 g6 5. d3 Bg7 6. Be3 d6 7.
f4 Nge7 8. Nf3 O-O 9. O-O b6 10. d4 Ba6 11. Rf2 cxd4 12. Nxd4 Na5 13. Bf1 Bxf1 14. Qxf1 Rc8 15. Rd1 Nc4 16. Bc1 d5 0-1

[Event "*** Qualifier 1: Titled Tuesday 3|2 Blitz"]
[Site "Chess.com"]
[Date "2017.04.04"]
[Round "2"]
[White "Aygehovit1992"]
[Black "bancsoo"]
[Result "0-1"]
[WhiteElo "2437"]
[BlackElo "2622"]
[TimeControl "180+2"]
[EndTime "13:20:04 PDT"]
[Termination "bancsoo won by resignation"]

1. e4 e5 2. Nf3 Nc6 3. Bb5 a6 4.
Ba4 Nf6 5. d3 d6 6. c4 g6 7. Nc3 Bg7 8. Nd5 h6 9. h3 O-O 10. Be3 Nd7 11. b4 Ne7 12. g4 c6 13.
Nxe7+ Qxe7 14. Qd2 Kh7 15. Bd1 Re8 16. h4 Nf8 17. h5 g5 18. Nh2 Ne6 19. Nf1 Nf4 20.
Ng3 d5 21. Bc5 Qc7 22. Bc2 d4 23. b5 cxb5 24. Qb4 bxc4 25. Qxc4 Bxg4 26. Bb3 Be6 27. Qc1 Nxd3+ 0-1

[Event "*** Qualifier 1: Titled Tuesday 3|2 Blitz"]
[Site "Chess.com"]
[Date "2017.04.04"]
[Round "2"]
[White "Bengalas"]
[Black "FearNoEvil12"]
[Result "1-0"]
[WhiteElo "2254"]
[BlackElo "2092"]
[TimeControl "180+2"]
[EndTime "13:20:05 PDT"]
[Termination "Bengalas won by resignation"]

1. d4 b5 2. e4 a6 3. Nf3 Bb7 4. Bd3 e6 5. O-O Nf6 6. Re1 d6 7. b3 b4 8. a3 a5 9. axb4 axb4 10.
Rxa8 Bxa8 11. Bd2 d5 12. exd5 Nxd5 13. Ne5 Nd7 14. Bb5 c6 15. Bxc6 Bxc6 16. Nxc6 Qc7 17. Ne5 Bd6 18. Nxd7 Qxd7 19. c4 bxc3 20. Nxc3 Nxc3 21.
Bxc3 O-O 22. d5 exd5 23. Qd4 f6 24. Qxd5+ Kh8 25. Rd1 Rd8 26. g3 Qc7 27. Ba5 1-0

[Event "*** Qualifier 1: Titled Tuesday 3|2 Blitz"]
[Site "Chess.com"]
[Date "2017.04.04"]
[Round "2"]
[White "Swarajan"]
[Black "MegaManMusic"]
[Result "1-0"]
[WhiteElo "1951"]
[BlackElo "1926"]
[TimeControl "180+2"]
[EndTime "13:20:26 PDT"]
[Termination "Swarajan won by checkmate"]

1. d4 d5 2. c4 c6 3. Nf3 Nf6 4. Nc3 dxc4 5. a4 Bf5 6. Bg5 Ne4 7. Bh4 Qa5 8. Rc1 e6 9. Nd2 Bb4 10. Ndxe4 Bxe4 11. e3 O-O 12. Bxc4 Bxg2 13. Rg1 Bd5 14. Rxg7+ Kxg7 15. Qg4+ Kh8 16. Bf6# 1-0

[Event "*** Qualifier 1: Titled Tuesday 3|2 Blitz"]
[Site "Chess.com"]
[Date "2017.04.04"]
[Round "2"]
[White "Duhless"]
[Black "Keaton87"]
[Result "1-0"]
[WhiteElo "2734"]
[BlackElo "2481"]
[TimeControl "180+2"]
[EndTime "13:20:32 PDT"]
[Termination "Duhless won by resignation"]

1. c4 Nf6 2. Nc3 g6 3. e4 d6 4. d4 Bg7 5. f4 O-O 6. Nf3 c5 7. d5 e6 8. dxe6 fxe6 9. Bd3 Nc6 10. O-O Nd4 11. Bd2 Bd7 12. Nxd4 cxd4 13. Nb5 Bxb5 14.
cxb5 Nd7 15. b4 Rc8 16. Qb3 Qe7 17. Bc4 Rfe8 18. f5 gxf5 19. exf5 d5 20. Be2 Ne5 21. Rae1 exf5 22. Bh5 Red8 23. Qg3 Qf6 24. Bg5 Qf8 25.
Bxd8 1-0

[Event "*** Qualifier 1: Titled Tuesday 3|2 Blitz"]
[Site "Chess.com"]
[Date "2017.04.04"]
[Round "2"]
[White "armago"]
[Black "silverback96"]
[Result "1-0"]
[WhiteElo "2181"]
[BlackElo "2084"]
[TimeControl "180+2"]
[EndTime "13:20:47 PDT"]
[Termination "armago won by resignation"]

1. d4 g6 2. c4 Bg7 3. e4 c5 4. d5 e6 5. Bd3 exd5 6. exd5 d6 7.
Nf3 Nf6 8. Nc3 O-O 9. h3 Re8+ 10. Be3 Nfd7 11. O-O Ne5 12. Nxe5 Bxe5 13. Qd2 Na6 14. Rae1 Nb4 15. Bb1 Qh4 16. a3 Na6 17. f4 Bf6 18. Bf2 Qh6 19. Rxe8+ Kg7 20. Ne4 Nc7 21. Nxf6 Nxe8 22. Nxe8+ Kf8 23. Nxd6 Bxh3 24. Bxc5 Kg8 25. gxh3 Qxh3 26. Qe3 Qg4+ 27. Kh2 b6 28. Bd4 Rd8 29. Ne4 Re8 30. Nf6+ 1-0

[Event "*** Qualifier 1: Titled Tuesday 3|2 Blitz"]
[Site "Chess.com"]
[Date "2017.04.04"]
[Round "2"]
[White "scrapnel"]
[Black "FLchessplayer"]
[Result "1-0"]
[WhiteElo "2319"]
[BlackElo "2021"]
[TimeControl "180+2"]
[EndTime "13:20:53 PDT"]
[Termination "scrapnel won by resignation"]

1. Nf3 g6 2. d4 Bg7 3. e4 d6 4. c3 c6 5. Bg5 h6 6. Bh4 Qc7 7. Nbd2 Nd7 8. a4 Ngf6 9. Bd3 g5 10.
Bg3 Nh5 11. O-O a6 12. a5 Nxg3 13. hxg3 e5 14. Nc4 exd4 15. Nxd4 O-O 16. Nf5 d5 17.
exd5 cxd5 18. Nce3 Nf6 19. Nxg7 Kxg7 20. Bf5 Be6 21.
Qd4 Rfd8 22. f4 g4 23. Nxg4 Qe7 24. Rae1 h5 25. Bxe6 hxg4 26. Bxg4 Qd6 27. Re5 Kf8 28. Bf3 Rac8 29. Rf5 Rc6 30. g4 Qc5 31. Qxc5+ Rxc5 32. Rxf6 1-0

[Event "*** Qualifier 1: Titled Tuesday 3|2 Blitz"]
[Site "Chess.com"]
[Date "2017.04.04"]
[Round "2"]
[White "Dlugy"]
[Black "VladDobrov"]
[Result "1-0"]
[WhiteElo "2634"]
[BlackElo "2516"]
[TimeControl "180+2"]
[EndTime "13:21:10 PDT"]
[Termination "Dlugy won by resignation"]

1. d4 Nf6 2. Bf4 Nh5 3. Bg5 h6 4. Bh4 g5 5. e3 Nf6 6. Bg3 d6 7. Nc3 a6 8. e4 Bg7 9. e5 Nfd7 10. e6 fxe6 11. h4 Nf6 12. hxg5 hxg5 13. Rxh8+ Bxh8 14. Nf3 c5 15. dxc5 Qa5 16. cxd6 Ne4 17. Qd3 Nxc3 18. Qg6+ Kd7 19. dxe7 Nd5+ 20. c3 Bxc3+ 21. Kd1 Nxe7 22. Qd3+ Qd5 23. bxc3 Nf5 24. Bh2 Nc6 25.
Qxd5+ exd5 26. Nxg5 Ke7 27. Kd2 Kf6 28. Nf3 Be6 29. Bf4 Na5 30. g4 Ne7 31. Bg5+ Kf7 32. Ne5+ Ke8 33. f4 Bg8 34. Re1 1-0

[Event "*** Qualifier 1: Titled Tuesday 3|2 Blitz"]
[Site "Chess.com"]
[Date "2017.04.04"]
[Round "2"]
[White "PelinGorki"]
[Black "nouma78"]
[Result "1-0"]
[WhiteElo "2366"]
[BlackElo "2201"]
[TimeControl "180+2"]
[EndTime "13:21:14 PDT"]
[Termination "PelinGorki won on time"]

1. e4 d6 2. d4 Nf6 3. Nc3 e5 4. Nf3 Nbd7 5. Rg1 c6 6. g4 exd4 7. Nxd4 Nc5 8. Qe2 Qe7 9. f3 d5 10.
g5 Nfd7 11. exd5 Qxe2+ 12. Bxe2 Bd6 13. dxc6 bxc6 14. Nxc6 Bxh2 15. Rg2 Bb7 16. Na5 Be5 17. Bd2 Rb8 18. Nxb7 Rxb7 19. O-O-O O-O 20. f4 Bd4 21. Bf3 Rbb8 22. Re1 g6 23. Nd1 Nb6 24. Bc3 Bxc3 25. Nxc3 1-0

[Event "*** Qualifier 1: Titled Tuesday 3|2 Blitz"]
[Site "Chess.com"]
[Date "2017.04.04"]
[Round "2"]
[White "DuleMudule"]
[Black "iaraldinho"]
[Result "1-0"]
[WhiteElo "2598"]
[BlackElo "2424"]
[TimeControl "180+2"]
[EndTime "13:21:29 PDT"]
[Termination "DuleMudule won by checkmate"]

1. d4 f5 2. h3 d5 3. Bf4 Nf6 4. e3 e6 5. Nf3 Bd6 6. Ne5 c5 7. c3 Nc6 8. Nd2 O-O 9. Bd3 Ne4 10. O-O cxd4 11. exd4 Nxd2 12. Nxc6 bxc6 13. Qxd2 Qc7 14. Bxd6 Qxd6 15. b4 e5 16. dxe5 Qxe5 17. Rfe1 Qf6 18. f4 Kh8 19. Re5 a5 20. a4 Bd7 21. Qe3 axb4 22. cxb4 Qd6 23. Qd4 h6 24. a5 Rfb8 25.
b5 Be6 26. bxc6 Qxc6 27. a6 Rf8 28. Rae1 Bg8 29. Re7 Qd6 30. Qxg7# 1-0

[Event "*** Qualifier 1: Titled Tuesday 3|2 Blitz"]
[Site "Chess.com"]
[Date "2017.04.04"]
[Round "2"]
[White "fastestmindalive"]
[Black "pedroholly22"]
[Result "1-0"]
[WhiteElo "2431"]
[BlackElo "2282"]
[TimeControl "180+2"]
[EndTime "13:21:36 PDT"]
[Termination "fastestmindalive won by resignation"]

1. e4 c5 2. Nc3 Nc6 3. Bb5 Nd4 4.
Nf3 Nxb5 5. Nxb5 g6 6. d4 Bg7 7. dxc5 Qa5+ 8. Nc3 Nf6 9. O-O O-O 10. Be3 e6 11.
Rb1 Ng4 12. b4 Qc7 13. Bd4 Bxd4 14. Qxd4 a5 15. b5 h6 16. h3 e5 17. Nd5 Qd8 18.
Qd2 Nf6 19. Nb6 Rb8 20. Qd6 Nxe4 21. Qxb8 Nxc5 22. Nxc8 e4 23. Nd4 Qg5 24. Qg3 Rxc8 25. Qxg5 hxg5 26. b6 f5 27. Rb5 Na6 28. Rxa5 Rc4 29.
c3 Rxc3 30. Rxa6 bxa6 31. b7 1-0

[Event "*** Qualifier 1: Titled Tuesday 3|2 Blitz"]
[Site "Chess.com"]
[Date "2017.04.04"]
[Round "2"]
[White "P0ubelle"]
[Black "Generalas"]
[Result "0-1"]
[WhiteElo "2098"]
[BlackElo "2184"]
[TimeControl "180+2"]
[EndTime "13:21:58 PDT"]
[Termination "Generalas won by resignation"]

1. e4 e5 2. Nf3 Nc6 3. d4 exd4 4.
Nxd4 Bc5 5. Nxc6 Qf6 6. Qf3 dxc6 7. Nc3 Be6 8. Be3 Bb4 9. Bd2 O-O-O 10. O-O-O Qxf3 11.
gxf3 Ne7 12. a3 Ba5 13. Rg1 Rhg8 14. f4 f5 15. f3 Bb6 16. Bd3 Bxg1 17. Rxg1 g6 18. Be3 b6 19. Ne2 c5 20. Nc3 Kb7 21. b3 Bxb3 22. exf5 gxf5 23. Rxg8 Bxg8 24. Bf2 Be6 25.
Bh4 Rd7 26. a4 Nc6 27. Ne2 c4 0-1

[Event "*** Qualifier 1: Titled Tuesday 3|2 Blitz"]
[Site "Chess.com"]
[Date "2017.04.04"]
[Round "2"]
[White "PaulfromSPb"]
[Black "StoreySniper"]
[Result "1-0"]
[WhiteElo "2530"]
[BlackElo "2223"]
[TimeControl "180+2"]
[EndTime "13:21:59 PDT"]
[Termination "PaulfromSPb won by resignation"]

1. e4 g6 2. d4 Bg7 3. Nc3 c5 4. dxc5 Bxc3+ 5. bxc3 Qa5 6. Qd4 Nf6 7. Qb4 Qc7 8. Bd3 Nc6 9. Qa3 b6 10. cxb6 Qb7 11. bxa7 Rxa7 12. Qb3 Qc7 13. Be3 Rb7 14. Qc4 Ng4 15. Bd4 Nxd4 16. cxd4 Qa5+ 17. c3 Rc7 18. Qb4 Qa8 19. Nf3 Bb7 20. O-O d6 21. Rfe1 O-O 22. Qb2 Rfc8 23. Rac1 Nf6 24. d5 Qa5 25. c4 Ba6 26. e5 Nxd5 27. Bxg6 hxg6 28. cxd5 dxe5 29. Rxc7 Rxc7 30. Qxe5 Bc4 31. Rc1 Rb7 32. d6 exd6 33. Qxa5 1-0

[Event "*** Qualifier 1: Titled Tuesday 3|2 Blitz"]
[Site "Chess.com"]
[Date "2017.04.04"]
[Round "2"]
[White "TheLancer"]
[Black "SergeiAza"]
[Result "0-1"]
[WhiteElo "2463"]
[BlackElo "2641"]
[TimeControl "180+2"]
[EndTime "13:22:05 PDT"]
[Termination "SergeiAza won by resignation"]

1. e4 c5 2. Nf3 Nc6 3. d4 cxd4 4. Nxd4 Qb6 5. Nb3 Nf6 6. Bd3 e6 7.
O-O d6 8. N1d2 Qc7 9. a4 Be7 10.
Qe2 O-O 11. Nf3 b6 12. Bf4 Bb7 13. Rfd1 Nd7 14. Bg3 Rac8 15. Kh1 Nb4 16. c3 Nxd3 17. Qxd3 e5 18. Bh4 f6 19. a5 Rfd8 20. a6 Ba8 21. Nbd2 Nc5 22. Qc4+ d5 23. exd5 Bxd5 24. Qg4 Qd7 25.
Qxd7 Rxd7 26. b4 Nd3 27. c4 Ba8 28. b5 Rcd8 29. Kg1 e4 0-1

[Event "*** Qualifier 1: Titled Tuesday 3|2 Blitz"]
[Site "Chess.com"]
[Date "2017.04.04"]
[Round "2"]
[White "Alex_Molchanov"]
[Black "plouarzel"]
[Result "0-1"]
[WhiteElo "2350"]
[BlackElo "2386"]
[TimeControl "180+2"]
[EndTime "13:22:05 PDT"]
[Termination "plouarzel won by resignation"]

1. d4 g6 2. c4 Bg7 3. Nc3 e6 4. e4 Ne7 5. f4 d5 6. cxd5 exd5 7. e5 O-O 8. Nf3 f6 9. Be2 fxe5 10. dxe5 c5 11. Nxd5 Qxd5 12. Qxd5+ Nxd5 13. Bc4 Rd8 14. Be3 b5 15. Bxd5+ Rxd5 16. h4 Bg4 17. Nh2 Be6 18. g4 Nc6 19. Rc1 Nd4 20. Kf2 Rad8 21. Rhg1 c4 22. h5 gxh5 23. gxh5 Kf7 24. Rg2 Bh6 25.
Rcg1 Nf5 26. Ng4 Bg7 27. h6 Nxh6 28. Nxh6+ Bxh6 29. Rh1 Rd2+ 30. Bxd2 Rxd2+ 31. Kg1 Rxg2+ 32. Kxg2 Bd5+ 0-1

[Event "*** Qualifier 1: Titled Tuesday 3|2 Blitz"]
[Site "Chess.com"]
[Date "2017.04.04"]
[Round "2"]
[White "hypert"]
[Black "Astaneh"]
[Result "0-1"]
[WhiteElo "2262"]
[BlackElo "2521"]
[TimeControl "180+2"]
[EndTime "13:22:05 PDT"]
[Termination "Astaneh won by resignation"]

1. d4 Nf6 2. c4 e6 3. Nc3 Bb4 4. a3 Bxc3+ 5. bxc3 O-O 6. e3 d6 7.
Bd3 e5 8. e4 exd4 9. cxd4 Nxe4 10. Bxe4 Re8 11. Qf3 d5 12. Be3 dxe4 13. Qd1 Nc6 14.
Qd2 Bg4 15. h3 Bh5 16. g4 Bg6 17. Ne2 f5 18. Nf4 Qd6 19. Nxg6 hxg6 20. gxf5 gxf5 21.
Rg1 Rad8 22. Rg5 Rf8 23. Bf4 Qxd4 24. Qxd4 Nxd4 25. Kf1 Ne6 0-1